 Dungeon Crawl Stone Soup version 0.25.1-2-g60ff931df9 (webtiles) character file.

Game seed: 14922122446613240508

508 Mitsuki the Skirmisher (level 6, -18/60 HPs)
             Began as a Minotaur Fighter on Aug 5, 2020.
             Killed from afar by Dowan (24 damage)
             ... with a shard of ice
             ... on level 4 of the Dungeon.
             The game lasted 00:08:08 (3125 turns).

Mitsuki the Skirmisher (Minotaur Fighter)           Turns: 3125, Time: 00:08:09

Health: -18/60     AC:  7    Str: 23    XL:     6   Next: 98%
Magic:  5/5        EV:  7    Int:  5    God:
Gold:   128        SH:  9    Dex:  9    Spells: 5/5 levels left

rFire    . . .     SeeInvis .   a - +0 war axe
rCold    . . .     Gourm    .   c - +0 kite shield
rNeg     . . .     Faith    .   b - +0 scale mail
rPois    .         Spirit   .   (helmet restricted)
rElec    .         Reflect  .   (no cloak)
rCorr    .         Harm     .   (no gloves)
MR       .....                  (no boots)
Stlth    ..........             (no amulet)
HPRegen  0.20/turn              (no ring)
MPRegen  0.09/turn              (no ring)

@: no status effects
A: retaliatory headbutt, horns 2
a: no special abilities


You were on level 4 of the Dungeon.
You were hungry.

You visited 1 branch of the dungeon, and saw 4 of its levels.

You collected 128 gold pieces.

Inventory:

Hand Weapons
 a - a +0 war axe (weapon)
Armour
 b - a +0 scale mail (worn)
 c - a +0 kite shield (worn)
 p - a +0 pair of gloves
Magical Staves
 l - an uncursed staff of energy {unknown}
Wands
 m - a wand of polymorph (6)
Scrolls
 e - 5 scrolls of remove curse
 g - a scroll of immolation {unknown}
 h - 3 scrolls of identify {unknown}
 j - 3 scrolls of teleportation {unknown}
 n - a scroll of enchant armour {unknown}
 q - a scroll of magic mapping {unknown}
 r - 2 scrolls of enchant weapon {unknown}
 s - a scroll of blinking {unknown}
Potions
 d - 2 potions of might
 t - a potion of stabbing {unknown}
 u - a potion of cancellation
Comestibles
 f - 3 rations
 o - 3 chunks of flesh


   Skills:
 * Level 7.1 Fighting
 + Level 4.9 Axes
 + Level 5.6 Armour
 - Level 4.0 Shields


You had 5 spell levels left.
You didn't know any spells.
Your spell library was empty.

Dungeon Overview and Level Annotations

Branches:
Dungeon (4/15)
 Temple: D:4-7

Altars:
Cheibriados

Annotations:
D:4 Dowan


Innate Abilities, Weirdness & Mutations

You reflexively headbutt those who attack you in melee.
You have a pair of horns on your head.


Message History

Dowan points at you and mumbles some strange words.
You block the shard of ice.
You barely miss the phantom. You headbutt the phantom!
You destroy the phantom!
Your Fighting skill increases to level 7!
Dowan closely misses you.
It was a potion of flight.
You feel very buoyant.
You fly up into the air.
Dowan says, "Her death will not be in vain!"
You block Dowan's attack.
It was a potion of cancellation.
Your magical effects are unravelling.
You feel magically purged.
You feel yourself slow down.
You float gracefully downwards.
You feel a little less mighty now. Dowan casts a spell at you.
The shard of ice hits you!!
You die...

#.###.# .. .. .......
#. .# ###.# #. .. #
#.## .# .# ..# .# ..
#.# .# #.# ...
.######.##.###### #..
... !.......e@.......
.). ##.
######.######### #.#
#. #§..§.# #.# #.
#####e# #.# #. #.# #.#
#. #.# ##.####.
#§#######.......
#######..........####.
....<...e######.......


You could see Dowan (fast).

Vanquished Creatures
  Duvessa (D:4)
  2 phantoms (D:4)
  2 orc priests (D:4)
  8 adders
  An ooze (D:1)
  A worm (D:3)
  4 dart slugs
  2 leopard geckos (D:1)
  7 orcs
  6 giant cockroaches
  8 goblins
  7 hobgoblins
  2 jackals (D:3)
  12 bats
  5 frilled lizards
  7 kobolds
  A quokka skeleton (D:4)
  11 rats
87 creatures vanquished.

Notes
Turn   | Place    | Note
-------+----------+-------------------------------------------
     0 | D:1      | Mitsuki the Minotaur Fighter began the quest for the Orb.
     0 | D:1      | Reached XP level 1. HP: 19/19 MP: 0/0
   153 | D:1      | Reached XP level 2. HP: 22/27 MP: 1/1
   230 | D:1      | Reached skill level 4 in Fighting
   673 | D:1      | Reached XP level 3. HP: 33/33 MP: 2/2
  1218 | D:2      | Found a snail-covered altar of Cheibriados.
  1414 | D:2      | Reached XP level 4. HP: 41/41 MP: 3/3
  1826 | D:3      | Reached skill level 5 in Fighting
  2492 | D:3      | Reached XP level 5. HP: 48/48 MP: 4/4
  2892 | D:4      | Noticed a phantom
  2912 | D:4      | Killed a phantom
  2912 | D:4      | Reached skill level 6 in Fighting
  2912 | D:4      | Reached skill level 5 in Armour
  2912 | D:4      | Reached XP level 6. HP: 51/58 MP: 5/5
  3076 | D:4      | Noticed Duvessa
  3076 | D:4      | Noticed Dowan
  3105 | D:4      | Killed Duvessa
  3123 | D:4      | Reached skill level 7 in Fighting
  3125 | D:4      | Killed from afar by Dowan

Illustrated notes

Levels and vault maps discovered:
D:1:      lightli_arrival_maybe_door_vault, layout_basic
D:2:      layout_loops_corners, serial_glass, glass_columns_c, glass_columns_c,
          glass_columns_a, glass_columns_a, glass_columns_a, glass_columns_b,
          kennysheep_slug_shrine
D:3:      layout_loops_cross
D:4:      layout_loops_ring, first_ration, kennysheep_dice, uniq_duvessa

Skill      XL: |  1  2  3  4  5  6 |
---------------+-------------------+-----
Fighting       | 4 5 6 7 |  7.1
Shields        | 4 |  4.0
Armour         | 4 5 |  5.6
Axes           | 3 4 |  4.9

Action                   |  1- 3 |  4- 6 || total
-------------------------+-------+-------++-------
Melee: War axe           |   135 |   110 ||   245
       Headbutt          |    16 |    16 ||    32
       Unarmed           |       |    17 ||    17
  Use: Scroll            |       |     1 ||     1
       Potion            |       |     6 ||     6
  Eat: Chunk             |     2 |     5 ||     7
Armor: Scale mail        |    85 |    43 ||   128
Dodge: Dodged            |    35 |    50 ||    85
Block: Kite shield       |    79 |    64 ||   143
